Map: Eastwatch LE

Players

JaySlays

  • Race: Terran Terran
  • Spawn Location: 1:00

ELTONJOHNLVR

  • Race: Terran Terran
  • League: Platinum
  • Spawn Location: 7:00

Wolf

  • Race: Protoss Protoss
  • League: Diamond

Bilderbush

  • Race: Protoss Protoss
  • League: Gold

VOD

Have the link to the VOD?

Description

Time

  • Played on: April 15, 2018, 6:50 p.m.
  • Length: 10:02
Show
View Real Time Build Order
Export as new Build Order

JaySlays Terran 

Build Orders: MMM Bio 

Get SALT Encoding   

  12  0:01  SCV  
  13  0:13  SCV  
  14  0:17  Supply Depot  
  14  0:25  SCV  
  15  0:39  SCV  
  15  0:40  Barracks  
  16  0:46  Refinery  
  16  0:51  SCV  
  17  1:03  SCV  
  18  1:15  SCV  
  19  1:28  Reaper, Orbital Command  
  20  1:58  Barracks  
  20  2:04  SCV  
  21  2:08  Refinery  
  21  2:13  Factory  
  21  2:15  Marine  
  21  2:17  SCV  
  21  2:22  Command Center  
  23  2:43  Supply Depot  
  23  2:44  Barracks Tech Lab, Barracks Reactor  
  23  3:00  Factory Reactor  
  23  3:02  Starport  
  23  3:04  SCV  
  24  3:09  Supply Depot  
  24  3:11  Marine  
  25  3:17  SCV  
  25  3:18  Stimpack  
  26  3:22  Marine  
  26  3:25  Marine  
  28  3:29  SCV  
  29  3:35  Marine  
  29  3:40  Marine  
  29  3:41  SCV  
  32  3:44  Orbital Command  
  32  3:55  Medivac  
  34  3:56  Medivac  
  34  4:00  Factory Tech Lab  
  34  4:01  SCV  
  37  4:08  Marine  
  37  4:09  Marine  
  39  4:11  Marine  
  39  4:13  SCV  
  39  4:15  SCV  
  42  4:25  SCV  
  42  4:26  Marine x2  
  42  4:28  Marine, Siege Tank  
  42  4:30  SCV  
  50  4:35  Supply Depot  
  50  4:39  Supply Depot  
  50  4:40  SCV  
  51  4:57  Barracks  
  51  4:58  SCV  
  51  4:59  SCV  
  53  5:00  Barracks  
  53  5:02  Marine, Barracks  
  53  5:03  Marine  
  55  5:08  Marauder  
  55  5:12  SCV x2  
  59  5:20  Supply Depot  
  59  5:24  Siege Tank  
  59  5:25  Marine x2  
  59  5:28  Combat Shields  
  64  5:31  Medivac  
  64  5:33  SCV  
  64  5:34  SCV  
  68  5:45  SCV  
  68  5:46  Marine, SCV  
  68  5:47  Marine  
  68  5:48  Marauder  
  73  5:53  Supply Depot  
  73  5:57  SCV  
  73  5:58  SCV  
  73  6:02  Refinery  
  73  6:03  Refinery  
  75  6:07  Barracks Tech Lab  
  75  6:08  Barracks Tech Lab, Barracks Reactor  
  75  6:11  Marine x2  
  75  6:13  Marauder  
  75  6:15  Supply Depot  
  76  6:19  Medivac  
  78  6:29  Marine x2  
  78  6:30  Marauder  
  78  6:31  Marauder  
  84  6:34  Marauder  
  84  6:35  SCV x2  
  88  6:45  Marine x2  
  90  6:47  SCV x2, Concussive Shells  
  90  6:48  Supply Depot  
  90  6:50  Marine x2  
  90  6:51  Marauder  
  96  6:56  Siege Tank  
  99  7:02  Medivac  
  101  7:11  Supply Depot  
  101  7:13  Engineering Bay  
  101  7:14  Engineering Bay  
  101  7:17  SCV  
  100  7:26  Marine  
  100  7:28  Marine  
  100  7:29  Command Center  
  102  7:33  Marauder  
  102  7:34  Supply Depot  
  102  7:35  Marauder  
  102  7:36  Marine  
  104  7:37  Marine  
  104  7:41  Terran Infantry Weapons Level 1  
  105  7:45  Terran Infantry Armor Level 1  
  105  7:48  Marauder  
  106  7:53  Medivac  
  106  7:54  Medivac  
  103  8:06  Supply Depot, SCV x2  
  103  8:09  Marauder x2  
  103  8:11  Marauder  
  109  8:18  Armory  
  104  8:23  Marine x4  
  104  8:26  Siege Tank  
  108  8:32  Marauder x2  
  110  8:35  Medivac  
  110  8:37  Medivac  
  114  8:49  SCV x2  
  114  8:52  Orbital Command  
  116  9:01  SCV  
  116  9:02  SCV  
  118  9:05  Command Center  
  118  9:07  Marine x2, Marauder x3  
  126  9:14  Siege Tank  
  126  9:16  Marine x2  
  130  9:26  SCV x2  
  130  9:27  SCV  
  133  9:35  Marine x3  
  133  9:36  Marine, Marauder x2  
  133  9:38  Marauder  
  143  9:43  Refinery  
  143  9:46  Refinery  
  143  9:49  SCV x3  
Show
View Real Time Build Order
Export as new Build Order

ELTONJOHNLVR Terran 

Build Orders:  

Get SALT Encoding   

  12  0:01  Probe  
  13  0:13  Probe  
  14  0:17  Pylon  
  14  0:25  Probe  
  15  0:37  Probe  
  15  0:38  Gateway  
  16  0:45  Assimilator  
  16  0:49  Probe  
  17  1:00  Probe  
  18  1:08  Probe  
  18  1:16  Probe  
  20  1:28  Probe, Cybernetics Core  
  20  1:32  Assimilator  
  21  1:36  Probe  
  21  1:39  Pylon  
  21  1:44  Probe  
  23  1:54  Probe  
  23  2:07  Nexus  
  23  2:14  Probe, Stalker  
  26  2:26  Probe  
  27  2:30  Pylon  
  27  2:35  Pylon  
  25  2:49  Probe, Stalker  
  28  3:01  Probe  
  29  3:08  Warp Gate  
  29  3:12  Twilight Council  
  29  3:13  Probe  
  30  3:29  Robotics Facility  
  30  3:33  Probe x2  
  30  3:35  Robotics Facility  
  32  3:41  Probe  
  32  3:42  Probe  
  34  3:53  Probe  
  34  3:54  Probe  
  36  4:02  Gateway  
  36  4:05  Gateway  
  36  4:10  Gateway  
  36  4:15  Probe x2  
  38  4:26  Assimilator  
  38  4:27  Probe x2  
  38  4:28  Assimilator  
  40  4:39  Probe x2  
  42  4:46  Gateway  
  42  4:47  Immortal  
  42  4:49  Gateway  
  46  4:55  Probe x2  
  49  5:07  Probe x2  
  50  5:22  Immortal  
  50  5:24  Stalker  
  50  5:25  Stalker x2  
  50  5:26  Stalker  
  62  5:34  Probe  
  55  5:55  Probe x2  
  49  6:06  Stalker x2  
  49  6:07  Probe  
  46  6:13  Stalker x2  
  50  6:19  Probe  
  50  6:21  Probe  
  51  6:31  Probe x2  
  54  6:43  Pylon  
  54  6:50  Pylon  
  54  6:51  Probe  
  56  6:54  Probe  
  56  7:05  Probe x2  
  58  7:13  Probe x2  
  58  7:17  Stalker  
  58  7:21  Probe x2  
  64  7:32  Probe  
  64  7:33  Probe  
  58  7:43  Stalker x2  
  57  7:49  Probe  
  56  7:58  Stalker  
  47  8:23  Pylon  
  47  8:29  Pylon  
  47  8:31  Immortal  
  47  8:45  Probe  
  52  8:52  Pylon  
  52  8:56  Observer  
  53  9:05  Nexus  
  53  9:10  Pylon  
  53  9:11  Immortal  
Show
View Real Time Build Order
Export as new Build Order

Wolf Protoss 

Build Orders:  

Get SALT Encoding   

Show
View Real Time Build Order
Export as new Build Order

Bilderbush Protoss 

Build Orders:  

Get SALT Encoding   

Tags
 
Add a new tag
Caveats
  • Supply blocks, unpowered buildings, or Contaminate may cause inaccurate times.
  • Supply counts are checked every 10 seconds.